 Dungeon Crawl Stone Soup version 0.23-a0-451-g1044d4c (webtiles) character file.

143 qvsushi the Shield-Bearer (level 5, -5/46 HPs)
             Began as a Minotaur Fighter on Nov 22, 2018.
             Killed from afar by Sigmund (6 damage)
             ... with a puff of flame
             ... on level 2 of the Dungeon.
             The game lasted 00:11:00 (1200 turns).

qvsushi the Shield-Bearer (Minotaur Fighter)        Turns: 1200, Time: 00:11:01

Health: -5/46      AC:  7    Str: 21    XL:     5   Next: 4%
Magic:  4/4        EV:  7    Int:  5    God:
Gold:   79         SH:  9    Dex: 10    Spells: 4/4 levels left

rFire    . . .     SeeInvis .   a - +0 war axe
rCold    . . .     Gourm    .   c - +0 shield
rNeg     . . .     Faith    .   b - +0 scale mail
rPois    .         Spirit   .   (helmet restricted)
rElec    .         Reflect  .   (no cloak)
rCorr    .         Harm     .   (no gloves)
MR       .....                  (no boots)
Stlth    ..........             (no amulet)
HPRegen  0.15/turn              (no ring)
MPRegen  0.09/turn              (no ring)

@: no status effects
A: retaliatory headbutt, horns 2
a: no special abilities


You were on level 2 of the Dungeon.
You were not hungry.

You visited 1 branch of the dungeon, and saw 2 of its levels.

You collected 79 gold pieces.

Inventory:

Hand Weapons
 a - a +0 war axe (weapon)
Armour
 b - a +0 scale mail (worn)
 c - a +0 shield (worn)
Scrolls
 e - a scroll of enchant weapon {unknown}
 g - a scroll of fog {unknown}
 h - 2 scrolls of identify {unknown}
 k - 2 scrolls of remove curse {unknown}
 l - 2 scrolls of blinking {unknown}
Potions
 d - a potion of might
 i - a potion of heal wounds {unknown}
 j - a potion of berserk rage {unknown}
Comestibles
 f - 6 rations
 m - a chunk of flesh


   Skills:
 + Level 4.1 Fighting
 + Level 4.4 Axes
 + Level 4.4 Armour
 + Level 0.3 Dodging
 + Level 4.7 Shields


You had 4 spell levels left.
You didn't know any spells.
Your spell library was empty.

Dungeon Overview and Level Annotations

Branches:
Dungeon (2/15)

Altars:
Hepliaklqana

Annotations:
D:2 Sigmund


Innate Abilities, Weirdness & Mutations

You reflexively headbutt those who attack you in melee.
You have a pair of horns on your head.


Message History

You miss something. Your headbutt misses something.
You hear some strange, mumbled words.
A magic dart appears from out of thin air!
The magic dart hits you!
* * * LOW HITPOINT WARNING * * *
You hit something. Your headbutt misses something.
Something hits you but does no damage.
You hit something. You headbutt something. You block something's attack.
You miss something.
You hear some strange, mumbled words.
A magic dart appears from out of thin air!
The magic dart hits you!
You hit something. Something hits you but does no damage.
You closely miss something. Something hits you.
* * * LOW HITPOINT WARNING * * *
You closely miss something. Your headbutt misses something.
You hear some strange, mumbled words.
A puff of flame appears from out of thin air!
The puff of flame hits you!
You die...

## ### ##.. #.( ...
#.####.### #.##.....##
#.#.......# ##.#{......#..
#...@†._...... ## #
#..#.†.....#.. ...##
#..#.......#.# #...
#..##.....##.# #
#..####.####.# #
#............# ###
#####.###.#......# ##..
##...#.....##.....####....
##..........##...........##


There were no monsters in sight!

Vanquished Creatures
  Terence (D:2)
  5 adders (D:2)
  2 worms (D:2)
  2 leopard geckos (D:2)
  A ball python (D:2)
  16 bats
  5 goblins
  5 hobgoblins
  2 jackals (D:2)
  9 kobolds
  A quokka (D:2)
  11 frilled lizards
  8 rats
68 creatures vanquished.

Notes
Turn   | Place    | Note
-------+----------+-------------------------------------------
     0 | D:1      | qvsushi the Minotaur Fighter began the quest for the Orb.
     0 | D:1      | Reached XP level 1. HP: 19/19 MP: 0/0
   116 | D:1      | Reached XP level 2. HP: 27/27 MP: 1/1
   615 | D:2      | Reached XP level 3. HP: 33/33 MP: 2/2
   721 | D:2      | Reached XP level 4. HP: 28/40 MP: 3/3
   856 | D:2      | Noticed Terence
   859 | D:2      | Killed Terence
  1124 | D:2      | Reached XP level 5. HP: 46/46 MP: 4/4
  1177 | D:2      | Noticed Sigmund
  1178 | D:2      | Found a hazy altar of Hepliaklqana.
  1199 | D:2      | HP: 1/46 [something (5)]
  1200 | D:2      | Killed from afar by Sigmund

Vault maps used:
D:1:      dpeg_arrival_refuge, st_stairs_5, minmay_misc_feat_roman,
          serial_bayou_pond_d
D:2:      minmay_diamond_boxcup, old_standard_altar, minmay_lizard_king,
          uniq_terence, uniq_sigmund

Skill      XL: |  1  2  3  4 |
---------------+-------------+-----
Shields        | 4 |  4.7
Fighting       | 4 |  4.1
Axes           | 3 4 |  4.4
Armour         | 4 |  4.4
Dodging        | |  0.3

Action                   |  1- 3 |  4- 6 || total
-------------------------+-------+-------++-------
Melee: War axe           |    85 |    78 ||   163
       Headbutt          |    11 |    13 ||    24
  Eat: Chunk             |       |     1 ||     1
Armor: Scale mail        |    49 |    46 ||    95
Dodge: Dodged            |    46 |    28 ||    74
Block: Shield            |    58 |    47 ||   105

Table legend:
 A = Non-vault XP
 B = Vault XP
 C = Vault XP percentage of total XP
 D = Non-vault monster count
 E = Vault monster count
 F = Vault count percentage of total count
                 A         B        C        D         E       F
            +---------+---------+-------+---------+---------+-------
      Total |     132 |      73 |  35.6 |      49 |      19 |  27.9
            +---------+---------+-------+---------+---------+-------
        D:1 |      34 |       4 |  10.5 |      22 |       2 |   8.3
        D:2 |      98 |      69 |  41.3 |      27 |      17 |  38.6
            +---------+---------+-------+---------+---------+-------
